 Dungeon Crawl Stone Soup version 0.31.0-32-g396128a36d (webtiles) character file.

Game seed: 15434706107325328584

182806 DildoBatman the Peltast (level 19, -9/149 HPs)
             Began as a Formicid Conjurer on Apr 21, 2024.
             Was an Initiate of Gozag.
             Mangled by a nagaraja
             ... wielding a +0 spear
              (10 damage)
             ... on level 4 of the Snake Pit.
             The game lasted 02:04:33 (31845 turns).

DildoBatman the Peltast (Formicid Conjurer)        Turns: 31845, Time: 02:04:33

Health: -9/149     AC: 26    Str: 13    XL:     19   Next: 4%
Magic:  14/36      EV:  7    Int: 31    God:    Gozag
Gold:   7494       SH: 13    Dex: 11    Spells: 28/45 levels left

rFire   + . .        a - +9 arbalest (heavy)
rCold   . . .        K - +0 kite shield {reflect}
rNeg    . . .        N - +4 scale mail of Leapfrog {rPois Will+ Str+3}
rPois   +            (helmet unavailable)
rElec   .            r - scarf {shadows}
rCorr   +            L - +0 pair of gloves
SInv    +            y - +2 pair of boots
Will    ++...        v - amulet "Gaykorgh" {RegenMP rPois rF+ Regen+ rCorr}
Stlth   +            n - +4 ring of protection
HPRegen 1.24/turn    Q - +4 ring of protection
MPRegen 0.65/turn

%: reflection
@: lethally poisoned (-9 -> -14), gold aura, very slightly contaminated,
constricted
A: permanent stasis, dig shafts and tunnels, antennae 3, four strong arms,
clever 1, wild magic 1
a: Dig, Shaft Self, Renounce Religion, Potion Petition, Call Merchant, Bribe
Branch


You were on level 4 of the Snake Pit.
You worshipped Gozag.
Gozag was greatly pleased with you.
You visited 5 branches of the dungeon, and saw 27 of its levels.
You visited 1 bazaar.
You also visited: Sewer.

You collected 10089 gold pieces.
You spent 2311 gold pieces at shops.
You paid 284 gold pieces to Gozag.

Inventory:

Hand Weapons
 a - a +9 heavy arbalest (weapon)
 c - the +7 rapier of Articulation {chaos, rC+ rCorr Int+2}
   (You took it off a kobold brigand on level 7 of the Dungeon)

   Int+2:     It affects your intelligence (+2).
   rC+:       It protects you from cold.
   rCorr:     It protects you from acid and corrosion.
 d - a +4 scimitar of flaming
 e - the +5 dagger of Damp Optimality {holy, rElec rCorr}
   (You found it on level 7 of the Dungeon)

   rElec:     It insulates you from electricity.
   rCorr:     It protects you from acid and corrosion.
Missiles
 j - 8 javelins
 p - 5 darts of dispersal
 w - 7 throwing nets
 z - 18 poisoned darts
 B - 2 atropa-tipped darts
 F - 9 curare-tipped darts
Armour
 r - a scarf of shadows (worn)
 y - a +2 pair of boots (worn)
 K - a +0 kite shield of reflection (worn)
 L - a +0 pair of gloves (worn)
 N - the +4 scale mail of Leapfrog (worn) {rPois Will+ Str+3}
   (You took it off an orc on level 4 of the Dungeon)

   Str+3:     It affects your strength (+3).
   rPois:     It protects you from poison Will+: It increases your willpower.
Magical Staves
 l - a staff of air
 Y - a staff of conjuration
Jewellery
 n - a +4 ring of protection (left hand)
 v - the amulet "Gaykorgh" (around neck) {RegenMP rPois rF+ Regen+ rCorr}
   (You found it on level 5 of the Lair of Beasts)

   [amulet of magic regeneration]

   RegenMP:   It increases your rate of magic regeneration.
   rF+:       It protects you from fire.
   rPois:     It protects you from poison Regen+: It increases your rate of
   health regeneration.
   rCorr:     It protects you from acid and corrosion.
 D - a ring of willpower
 I - a ring of protection from cold
 Q - a +4 ring of protection (right hand)
 R - the ring "Niomonk" {rN++ MP+9}
   (You found it on level 2 of the Lair of Beasts)

   [ring of magical power]

   rN++:      It greatly protects you from negative energy.
   MP+9:      It affects your magic capacity (+9).
Wands
 x - a wand of mindburst (10)
 H - a wand of digging (8)
 S - a wand of roots (12)
 T - a wand of acid (9)
Scrolls
 g - 4 scrolls of fear
 i - a scroll of acquirement {unknown}
 o - 6 scrolls of immolation
 t - a scroll of enchant weapon
 u - 4 scrolls of fog
 C - 5 scrolls of revelation
 E - 3 scrolls of torment {unknown}
 M - 2 scrolls of poison
 O - 4 scrolls of amnesia {unknown}
 V - 2 scrolls of silence
 X - 3 scrolls of summoning
Potions
 b - 4 potions of magic
 f - a potion of experience {unknown}
 h - 7 potions of heal wounds
 k - 5 potions of mutation
 m - 3 potions of ambrosia
 q - 4 potions of enlightenment
 s - 7 potions of might
 A - 4 potions of cancellation
 G - 4 potions of degeneration {unknown}
 J - 2 potions of invisibility
 P - 11 potions of curing
 U - a potion of resistance
 W - 2 potions of brilliance


   Skills:
 - Level 13.0 Fighting
 - Level 5.0 Ranged Weapons
 - Level 12.9 Armour
 - Level 7.0 Dodging
 - Level 4.0 Stealth
 - Level 15.9 Shields
 * Level 13.6 Spellcasting
 - Level 6.0 Conjurations
 * Level 15.0 Necromancy
 * Level 15.6 Earth Magic


You had 28 spell levels left.
You knew the following spells:

 Your Spells              Type           Power      Damage    Failure   Level
a - Borgnjor's Vile Clut  Necr/Erth      50%        N/A       1%          5
c - Magic Dart            Conj           100%       1d8       2%          1
d - Vampiric Draining     Necr           99%        2d13      1%          3
e - Searing Ray           Conj           100%       2d8       3%          2
h - Dispel Undead         Necr           99%        3d31      1%          4
z - Sublimation of Blood  Necr           99%        N/A       1%          2

Your spell library contained the following spells:

 Spells                   Type           Power      Damage    Failure   Level
 Necrotise                Necr           100%       1d9       1%          1
 Fugue of the Fallen      Necr           99%        N/A       1%          3
 Curse of Agony           Necr           99%        N/A       1%          5
 Cigotuvi's Dreadful Rot  Necr/Alch/Air  100%       N/A       4%          2
 Shock                    Conj/Air       100%       1d9       6%          1
 Sting                    Conj/Alch      100%       1d9       6%          1
 Death Channel            Necr           49%        N/A       7%          6
 Anguish                  Hex/Necr       36%        N/A       10%         4
 Martyr's Knell           Necr/Summ      73%        N/A       10%         4
 Slow                     Hex            100%       N/A       19%         1
 Summon Small Mammal      Summ           100%       N/A       19%         1
 Call Imp                 Summ           54%        N/A       28%         2
 Ensorcelled Hibernation  Hex/Ice        54%        N/A       28%         2
 Mercury Vapours          Alch/Air       54%        N/A       28%         2
 Call Canine Familiar     Summ           27%        N/A       45%         3
 Confusing Touch          Hex            27%        N/A       45%         3
 Sigil of Binding         Hex            27%        N/A       45%         3
 Fulminant Prism          Conj/Alch      25%        3d14      45%         4
 Iskenderun's Mystic Bla  Conj/Tloc      51%        2d11      45%         4
 Airstrike                Air            13%        2d(2-18)  85%         4
 Olgreb's Toxic Radiance  Alch           27%        N/A       85%         4
 Summon Blazeheart Golem  Fire/Summ      27%        N/A       85%         4
 Animate Dead             Necr           Unusable   N/A       N/A         4
 Blink                    Tloc           Unusable   N/A       N/A         2
 Swiftness                Air            Unusable   N/A       N/A         3

Dungeon Overview and Level Annotations

Branches:
Dungeon (15/15)            Temple (1/1) D:5            Lair (5/5) D:10
  Swamp (0/4) Lair:3        Snake (4/4) Lair:3        Slime (0/5) Lair:5
    Orc (2/2) D:9          Vaults (0/5) D:14         Depths (0/4) D:15
  Sewer (visited)
    Elf: Orc:2

Altars:
Ashenzari
Cheibriados
Dithmenos
Elyvilon
Fedhas
Gozag
Hepliaklqana
Kikubaaqudgha
Makhleb
Nemelex Xobeh
Okawaru
Qazlal
Ru
Sif Muna
Trog
Uskayaw
Vehumet
Wu Jian
Xom
Yredelemnul
Zin
The Shining One
Jiyva

Shops:
D:1 ?   D:4 (!?(   D:7 *   D:10 :   D:15 (   Orc:2 (!   Snake:1 =:=
Snake:2 (:

Annotations:
Snake:4 Saint Roka
Orc:2 Jorgrun


Innate Abilities, Weirdness & Mutations

You cannot be hasted, slowed, berserked, paralysed or teleported.
You can dig through walls and to a lower floor.
You have a pair of large antennae on your head. (SInv)
Your four strong arms can wield two-handed weapons with a shield.
Your mind is acute. (Int +4, Str/Dex -1)
Your spells are a little harder to cast, but a little more powerful.


Message History

The bolt hits the nagaraja!!
The nagaraja is moderately wounded.
The zombie hands constrict the naga!
The zombie hands constrict the nagaraja!
The nagaraja casts a spell at you. The bolt of poison hits you! You resist.
The nagaraja constricts you.
The naga struggles to escape constriction.
The nagaraja gestures at you while chanting.
The bolt of poison hits you. You resist. The nagaraja constricts you.
The naga sharpshooter casts a spell.
The naga sharpshooter magically shoots an arrow.
The arrow hits you. The nagaraja casts a spell at you.
You easily resist.
The nagaraja constricts you.
The naga struggles to escape constriction.
The nagaraja spits poison at you. The splash of poison hits you. You resist.
The nagaraja constricts you.
You shoot a bolt. The bolt hits the nagaraja!
The nagaraja is severely wounded.
The zombie hands constrict the naga!!
You kill the naga!
The zombie hands constrict the nagaraja!
The nagaraja hits you with a +0 spear. The nagaraja constricts you.
The nagaraja points at you and mumbles some strange words.
The poison arrow hits you!!
You are poisoned.
You partially resist. The nagaraja constricts you.
The nagaraja hits you with a +0 spear!
You die...
Your body crumbles into a pile of gold.

... ####.......#
#..# .. #.......####
##.## #.#....)##
#..# # ..........#
#..#####
.....####.###
#......# .####
#...))#######....
#......)....##..#
###....)......#..#
#@########....##.#
###N$...).....###.#
##.......)...###.#.#
#...N)######## #.#.#
#...$###....## #.#.#
##.....####..###....
##.$...N.##........
##.......#........
####...##<.....).


You could see a nagaraja (fast, catching breath, clutched) and a naga
sharpshooter (curare).

Vanquished Creatures
  Vashnia (Snake:3)
  Rupert (D:13)
  Kirke (Lair:4)
  Aizul (Snake:2)
  5 nagarajas
  An emperor scorpion (D:15)
  A vampire knight (D:12)
  A dire elephant (D:15)
  Josephine (D:13)
  A fire dragon (Lair:5)
  A salamander tyrant (Snake:4)
  3 vault guards (D:14)
  2 ghost crabs (Lair:3)
  7 centaur warriors
  5 hydras
  13 anacondas
  A two-headed ogre (D:13)
  A tengu warrior (D:13)
  2 boulder beetles
  A hell hog (Lair:5)
  7 death yaks
  18 naga warriors
  Urug (D:13)
  5 shock serpents
  Sonja (Lair:5)
  8 naga sharpshooters
  7 skeletal warriors
  3 salamander mystics
  9 sea snakes
  An arcanist (D:14)
  8 mana vipers
  5 naga ritualists
  An orc knight (D:15)
  2 necromancers (D:12)
  2 lindwurms (Lair:5)
  A wolf spider (D:12)
  4 harpies (D:12)
  The ghost of mrks the Cleaver, a novice MiFi of Elyvilon (D:6)
  An ugly thing (D:13)
  6 deep elf pyromancers
  2 oklob plants (Lair:5)
  18 elephants
  4 cyclopes
  14 salamanders
  2 orc sorcerers (Orc:1)
  3 manticores
  6 meliai
  22 naga magi
  5 torpor snails (Lair:5)
  6 gargoyles
  9 guardian serpents
  3 kobold blastminers
  The ghost of Xomster the Cleaver, a novice MiFi (D:4)
  27 black mambas
  14 cane toads
  6 yaktaurs
  4 rime drakes
  4 kobold demonologists (D:13)
  7 freezing wraiths (D:12)
  18 komodo dragons
  2 efreet
  5 harpy zombies (D:12)
  12 polar bears
  7 trolls
  Grinder (D:6)
  8 hornets
  4 raiju (Lair:5)
  25 blink frogs
  3 tyrant leeches (Lair:5)
  A culicivora (shapeshifter) (D:15)
  15 dream sheep
  2 spectral black mambas (Lair:3)
  18 slime creatures
  55 yaks
  2 wyverns (Lair:4)
  A shadow (D:11)
  3 fire bats (Lair:2)
  8 vampires (D:12)
  6 wraiths
  3 hogs (Lair:5)
  A spectral komodo dragon (Lair:3)
  A redback (D:12)
  Grum (D:9)
  4 basilisks
  6 wargs
  9 humans
  A steam dragon (D:8)
  2 vampire mosquitoes (D:15)
  46 nagas
  A spectral cane toad (Lair:3)
  10 water moccasins
  13 hell hounds (Lair:5)
  2 sky beasts (D:7)
  15 orc warriors
  12 black bears
  4 ogres
  An ogre (shapeshifter) (D:15)
  20 wolves
  9 centaurs
  5 kobold brigands
  Blork the orc (D:6)
  13 bullfrogs
  3 gnoll sergeants (D:9)
  3 scorpions
  A water moccasin zombie (Lair:1)
  11 wights
  3 yak zombies
  17 killer bees
  11 howler monkeys
  5 electric eels
  A centaur zombie (D:9)
  2 bombardier beetles (D:5)
  14 hounds (D:9)
  A sleepcap (D:4)
  6 gnoll boudas
  2 jellies
  8 orc priests
  2 iguanas
  13 orc wizards
  A killer bee zombie (D:9)
  2 hound zombies (D:9)
  41 gnolls
  9 adders
  6 river rats (Sewer)
  A shadow imp (D:8)
  A white imp (D:8)
  An ufetubus (D:5)
  2 dart slugs
  5 ribbon worms
  59 orcs
  7 bats
  4 endoplasms
  4 giant cockroaches
  2 goblins
  6 hobgoblins
  18 jackals
  8 quokkas
  11 ball pythons
  6 frilled lizards
  4 gnoll zombies
  23 kobolds
  2 kobold zombies (D:7)
  An orc zombie (D:10)
  25 rats
1026 creatures vanquished.

Vanquished Creatures (others)
  A human (D:14)
  An orc zombie (D:9)
  A gnoll zombie (D:9)
3 creatures vanquished.

Grand Total: 1029 creatures vanquished

Notes
Turn   | Place    | Note
-------+----------+-------------------------------------------
     0 | D:1      | DildoBatman the Formicid Conjurer began the quest for the
                  | Orb.
     0 | D:1      | Reached XP level 1. HP: 13/13 MP: 3/3
    63 | D:1      | Found Bemoawke's Magic Scroll Shoppe.
   237 | D:1      | Reached XP level 2. HP: 20/20 MP: 0/5
   240 | D:1      | Learned a level 2 spell: Searing Ray
  1131 | D:2      | Reached XP level 3. HP: 25/25 MP: 0/6
  1168 | D:2      | Found a faded altar of an unknown god.
  1420 | D:2      | Reached skill level 1 in Fighting
  1970 | D:3      | Reached skill level 1 in Armour
  2038 | D:3      | Reached XP level 4. HP: 31/32 MP: 7/7
  2073 | D:3      | Found an ornate altar of the Wu Jian Council.
  2091 | D:3      | Found a shadowy altar of Dithmenos.
  2380 | D:3      | Reached XP level 5. HP: 24/38 MP: 1/9
  2471 | D:3      | Found an iron altar of Okawaru.
  2664 | D:4      | Found Galaoh's Magic Scroll Boutique.
  2688 | D:4      | Found Jaraqun's Distillery.
  2747 | D:4      | Found a glowing drain.
  2752 | Sewer    | Entered a sewer
  2902 | Sewer    | Reached XP level 6. HP: 14/44 MP: 5/10
  3309 | Sewer    | HP: 2/46 [river rat (9)]
  3803 | Sewer    | Reached XP level 7. HP: 52/52 MP: 6/12
  4126 | D:4      | Found a runed translucent gate.
  4127 | D:4      | Found a runed translucent gate.
  4127 | D:4      | Identified the +4 scale mail of Leapfrog {rPois Will+
                  | Str+3}
  4128 | D:4      | Found a runed translucent gate.
  4132 | D:4      | Noticed Xomster's ghost (novice MiFi)
  4304 | D:4      | Found Tesid's Weapon Emporium.
  4362 | D:4      | Found Kainoa's Antique Weapon Boutique.
  4535 | D:5      | Entered Level 5 of the Dungeon
  4536 | D:5      | Found a glowing golden altar of the Shining One.
  4560 | D:5      | Learned a level 3 spell: Vampiric Draining
  4565 | D:5      | Learned a level 4 spell: Dispel Undead
  4568 | D:5      | Found a bloodstained altar of Trog.
  4810 | D:5      | Found a staircase to the Ecumenical Temple.
  4817 | Temple   | Entered the Ecumenical Temple
  4824 | Temple   | Became a worshipper of Kikubaaqudgha
  5263 | D:5      | Reached skill level 1 in Necromancy
  5722 | D:6      | Reached XP level 8. HP: 60/60 MP: 8/14
  5739 | D:6      | Found a runed translucent door.
  5742 | D:6      | Found an opulent altar of Gozag.
  5776 | D:6      | Noticed mrks's ghost (novice MiFi)
  5804 | D:6      | Noticed Grinder
  5981 | D:6      | Noticed Blork the orc
  6002 | D:6      | Reached skill level 5 in Conjurations
  6004 | D:6      | Reached * piety under Kikubaaqudgha
  6004 | D:6      | Received a gift from Kikubaaqudgha
  6009 | D:6      | Learned a level 2 spell: Sublimation of Blood
  6435 | D:6      | Killed Grinder
  6436 | D:6      | Reached XP level 9. HP: 58/66 MP: 6/16
  6671 | D:6      | Reached skill level 5 in Spellcasting
  6769 | D:7      | Reached skill level 5 in Fighting
  6772 | D:7      | Reached skill level 5 in Armour
  6772 | D:7      | Reached skill level 5 in Necromancy
  6895 | D:7      | Found Butuhyd's Neck Hole.
  7240 | D:7      | Found a large runed translucent door.
  7240 | D:7      | Found a large runed translucent door.
  7243 | D:7      | Found a shimmering altar of Xom.
  7243 | D:7      | Identified the +7 rapier of Articulation {chaos, rC+ rCorr
                  | Int+2}
  7343 | D:7      | Found a hide-covered altar of Uskayaw.
  7372 | D:7      | Identified the +5 dagger of Damp Optimality {holy, rElec
                  | rCorr}
  7926 | D:8      | Reached ** piety under Kikubaaqudgha
  8052 | D:8      | Reached XP level 10. HP: 39/74 MP: 15/19
  8954 | D:9      | Noticed Grum
  8963 | D:9      | Killed Grum
  9131 | D:9      | Reached skill level 1 in Shields
  9277 | D:9      | Reached *** piety under Kikubaaqudgha
  9277 | D:9      | Received a gift from Kikubaaqudgha
  9403 | D:6      | Fell from the grace of Kikubaaqudgha
  9403 | D:6      | Became a worshipper of Gozag Ym Sagoz the Greedy
  9471 | D:4      | Killed Xomster's ghost
  9634 | D:1      | Bought a scroll of identify for 26 gold pieces
  9634 | D:1      | Bought a scroll of identify for 26 gold pieces
  9634 | D:1      | Bought a scroll of identify for 26 gold pieces
  9634 | D:1      | Bought a scroll of identify for 26 gold pieces
  9634 | D:1      | Bought a scroll of identify for 26 gold pieces
  9649 | D:1      | Gained mutation: Your spells are a little harder to cast,
                  | but a little more powerful. [potion of mutation]
  9649 | D:1      | Gained mutation: Your mind is acute. (Int +4, Str/Dex -1)
                  | [potion of mutation]
  9655 | D:1      | Bought a scroll of brand weapon for 123 gold pieces
  9769 | D:6      | Killed Blork the orc
  9812 | D:6      | Killed mrks's ghost
  9813 | D:6      | Reached XP level 11. HP: 81/81 MP: 8/21
 10866 | D:10     | Entered Level 10 of the Dungeon
 11012 | D:10     | Found a staircase to the Lair.
 11109 | D:9      | Noticed a boulder beetle
 11482 | D:10     | Found Ewosk's Book Boutique.
 12027 | D:9      | Noticed a cyclops
 12145 | Lair:1   | Entered Level 1 of the Lair of Beasts
 12255 | D:10     | Reached skill level 1 in Ranged Weapons
 12833 | Lair:1   | Reached XP level 12. HP: 70/71 MP: 14/23
 12873 | Lair:1   | Reached skill level 5 in Dodging
 12881 | Lair:1   | Reached skill level 10 in Shields
 13712 | Lair:2   | Found a shimmering blue altar of Sif Muna.
 14009 | Lair:2   | Was forgiven by Kikubaaqudgha
 14077 | Lair:2   | Noticed a seven-headed hydra
 14251 | Lair:2   | Identified the ring "Niomonk" {rN++ MP+9}
 14425 | Lair:2   | Killed a seven-headed hydra
 15491 | D:9      | Found a staircase to the Orcish Mines.
 15564 | D:8      | Killed a boulder beetle
 15565 | D:8      | Reached XP level 13. HP: 67/89 MP: 17/25
 15937 | D:4      | Bought a potion of heal wounds for 55 gold pieces
 15937 | D:4      | Bought a potion of heal wounds for 55 gold pieces
 15937 | D:4      | Bought a potion of magic for 88 gold pieces
 15937 | D:4      | Bought a potion of resistance for 110 gold pieces
 15937 | D:4      | Bought a potion of curing for 33 gold pieces
 15937 | D:4      | Bought a potion of ambrosia for 88 gold pieces
 15951 | D:4      | Bought a scroll of silence for 114 gold pieces
 15951 | D:4      | Bought a scroll of poison for 48 gold pieces
 15951 | D:4      | Bought a scroll of fear for 48 gold pieces
 16059 | Orc:1    | Entered Level 1 of the Orcish Mines
 16277 | Orc:1    | HP: 1/99 [kobold blastminer/iron shot (33)]
 16628 | Orc:2    | Entered Level 2 of the Orcish Mines
 16628 | Orc:2    | Found Filooguf's Weapon Shoppe.
 16642 | Orc:2    | Found Hypsumea's Distillery.
 16659 | Orc:2    | Bought a potion of curing for 36 gold pieces
 16659 | Orc:2    | Bought 2 potions of brilliance for 96 gold pieces
 16659 | Orc:2    | Bought a potion of heal wounds for 60 gold pieces
 16659 | Orc:2    | Bought a potion of cancellation for 96 gold pieces
 16780 | Orc:2    | Noticed Jorgrun
 17488 | D:11     | Identified the +0 morningstar of Cocytus {pain, rPois Will-
                  | Str+3}
 17608 | Lair:3   | Reached skill level 5 in Ranged Weapons
 17608 | Lair:3   | Reached skill level 10 in Necromancy
 17991 | Lair:3   | Found a staircase to the Snake Pit.
 18148 | Lair:3   | Noticed a ghost crab
 18163 | Lair:3   | Killed a ghost crab
 18169 | Lair:3   | Noticed a ghost crab
 18175 | Lair:3   | Killed a ghost crab
 18176 | Lair:3   | Found a staircase to the Swamp.
 18373 | Lair:3   | Reached XP level 14. HP: 96/109 MP: 17/26
 18980 | Lair:4   | Reached skill level 10 in Fighting
 18998 | Lair:4   | Reached skill level 10 in Armour
 19842 | Lair:5   | Entered Level 5 of the Lair of Beasts
 20223 | Lair:5   | Reached XP level 15. HP: 78/118 MP: 18/28
 20305 | Lair:5   | Reached skill level 10 in Spellcasting
 20656 | Lair:5   | Noticed Sonja
 20659 | Lair:5   | Killed Sonja
 20797 | Lair:5   | Found a viscous altar of Jiyva.
 20819 | Lair:5   | Found a staircase to the Slime Pits.
 20920 | Lair:5   | Noticed Kirke
 20937 | Lair:4   | Noticed a sphinx
 21414 | Lair:5   | Reached skill level 15 in Shields
 21474 | Lair:5   | Identified the amulet "Gaykorgh" {RegenMP rPois rF+ Regen+
                  | rCorr}
 22098 | Lair:4   | Killed Kirke
 22621 | D:12     | Reached XP level 16. HP: 127/127 MP: 30/30
 23003 | D:12     | Identified the +4 leather armour of Sawebos {Int+2}
 23972 | D:13     | Noticed Josephine
 23979 | D:13     | Killed Josephine
 24483 | D:13     | Noticed Urug
 24531 | D:13     | Killed Urug
 25408 | D:14     | Noticed Rupert
 25502 | D:13     | Killed Rupert
 25735 | D:14     | Found a gate to the Vaults.
 25987 | D:15     | Entered Level 15 of the Dungeon
 26034 | D:15     | Found a staircase to the Depths.
 26046 | D:15     | Noticed an emperor scorpion
 26047 | D:15     | Reached XP level 17. HP: 85/135 MP: 17/33
 26643 | D:15     | Found Kautuwn's Antique Weapon Shoppe.
 27246 | Snake:1  | Entered Level 1 of the Snake Pit
 27785 | Snake:1  | Found Ucrot's Jewellery Emporium.
 27785 | Snake:1  | Found Osmizix's Jewellery Emporium.
 27785 | Snake:1  | Found Fatoub's Book Shop.
 27793 | Snake:1  | Bought a book of Unlife for 432 gold pieces
 27799 | Snake:1  | Learned a level 5 spell: Borgnjor's Vile Clutch
 27884 | Snake:1  | Reached skill level 1 in Earth Magic
 28064 | Snake:1  | Identified the +1 leather armour of Plasticity {rN+ Str+2
                  | Int+3 SInv}
 28361 | Snake:2  | Identified the serpent talisman "Icvymp" {rElec Will-
                  | Stlth+}
 28361 | Snake:2  | Noticed Aizul
 28369 | Snake:2  | Killed Aizul
 28370 | Snake:2  | Reached skill level 5 in Earth Magic
 28446 | Snake:2  | Found Yzylets's Weapon Emporium.
 28579 | Snake:2  | Found Uczakk's Book Shop.
 28797 | Snake:2  | Found Otid's Magic Scroll Shop.
 29188 | Snake:2  | Reached skill level 10 in Earth Magic
 29804 | Snake:3  | Reached XP level 18. HP: 131/143 MP: 32/34
 29811 | Snake:3  | Found a flickering gateway to a bazaar.
 29866 | Bazaar   | Entered a bazaar
 29879 | Bazaar   | Found Seaqisk's Antique Armour Shop.
 29907 | Bazaar   | Found Plog's Assorted Antiques.
 29925 | Bazaar   | Found Saon's Assorted Antiques.
 29943 | Bazaar   | Found Itosuwkain's Armour Shoppe.
 29962 | Bazaar   | Found Meacsyf's Distillery.
 29969 | Bazaar   | Bought a potion of might for 40 gold pieces
 29969 | Bazaar   | Bought a potion of invisibility for 80 gold pieces
 29969 | Bazaar   | Bought a potion of heal wounds for 50 gold pieces
 29969 | Bazaar   | Bought a potion of enlightenment for 50 gold pieces
 29969 | Bazaar   | Bought a potion of ambrosia for 80 gold pieces
 29969 | Bazaar   | Bought a potion of enlightenment for 50 gold pieces
 29969 | Bazaar   | Bought a potion of heal wounds for 50 gold pieces
 30054 | Bazaar   | Bought a scroll of immolation for 60 gold pieces
 30054 | Bazaar   | Bought a scroll labelled HUNLU QACRY for 15 gold pieces
 30122 | Bazaar   | Bought a potion of mutation for 224 gold pieces
 30316 | Snake:3  | Noticed Vashnia
 30328 | Snake:3  | Killed Vashnia
 30900 | Snake:4  | Entered Level 4 of the Snake Pit
 31479 | Snake:4  | Reached skill level 15 in Earth Magic
 31627 | Snake:4  | Noticed Saint Roka
 31830 | Snake:4  | Reached skill level 15 in Necromancy
 31830 | Snake:4  | Reached XP level 19. HP: 74/149 MP: 14/36
 31845 | Snake:4  | HP: 1/149 [nagaraja/poison arrow (20)]
 31845 | Snake:4  | Mangled by a nagaraja

Illustrated notes

Levels and vault maps discovered:
D:1:      doesnt_arrival_eight_statues, layout_basic, serial_shops, shop
D:2:      layout_loops_corners, ebering_ecumenical_altar_abandoned
D:3:      layout_loops_ring, mainiacjoe_overflow_six_doors_small,
          jmf_multi_god_temple
D:4:      layout_cave_pools, serial_shops, shop, nicolae_shop_rolling_square,
          nicolae_shop_tiny_glass, nicolae_shop_tiny_waterfront,
          mainiacjoe_sewer_entry_somewhere_in_here_1, biasface_ghost_orc_armoury
D:5:      layout_loops_ring, trog_butcher_becter, lemuel_crystal_altar,
          minmay_temple_entry_nine_rooms, nrook_pool_corridor,
          minmay_diced_spiral
D:6:      layout_loops_cross, amcnicky_altar_gilded,
          hellmonk_ghost_happy_afterlife, uniq_blork_the_orc, uniq_grinder
D:7:      due_chaos_kobolds, layout_cave_pools, kennysheep_mini,
          nicolae_shop_sticking_my_neck_out
D:8:      layout_basic
D:9:      cheibrodos_barr_body, layout_cave_pools, david_orc_3,
          serial_gnoll_camp, grums_kennel, gnoll_camp_medium_02,
          gnoll_camp_mini_doghouse, gnoll_camp_huts_moat, gnoll_camp_mini_basic
D:10:     layout_long_grid, lair_entry_dummy, serial_shops,
          nicolae_shop_hallway_plus
D:11:     layout_rooms, minivault_16, minivault_10, minmay_statues_item
D:12:     bobbens_index_wilting_gardens, layout_basic
D:13:     layout_loops_corners, uniq_josephine, uniq_urug
D:14:     layout_loops_ring, ximxim_vaults_locker_room, uniq_rupert
D:15:     hangedman_depths_entry_try_elsewhere_first, layout_gridville,
          serial_shops, nicolae_shop_tiny_waterfront, moated_statue
Temple:   eino_wide_crystal_templ
Lair:1:   layout_cave_pods, st_stairs_6, serial_bayou_pond_c,
          grunt_megastairs_1, infiniplex_staircase_pool_2, lemuel_fruit_tree
Lair:2:   layout_layer_cave, basic_altar, nicolae_volcano_entry_batcave,
          serial_bayou_shore_a
Lair:3:   layout_small_grid, nicolae_swamp_entry_spooky, dummy_snake_entry,
          beast_lair_carwin_10
Lair:4:   layout_gridlike, minmay_holes
Lair:5:   hangedman_lair_caniforms_friends, layout_regular_city, wormcave,
          minmay_slime_entry_oklob_enclosed, lemuel_fruit_fields, uniq_sonja,
          uniq_kirke
Snake:1:  layout_gridlike, nicolae_snake_gridmaze_swirls,
          serial_library_regret_index_double_sided, minmay_shop_grove
Snake:2:  layout_basic, serial_shops, shop, nicolae_lakefront_shop, shop,
          nicolae_triple_integral, uniq_aizul
Snake:3:  layout_honeycomb, serial_shops, bzr_entry_water, uniq_vashnia
Snake:4:  grunt_snake_rune_serpentine_throne, layout_misc_corridors,
          uniq_saint_roka
Orc:1:    layout_diamond_mine, mines1_david
Orc:2:    st_orc_congregation, layout_caves, serial_shops,
          nicolae_shop_behind_doors, nicolae_shop_statue_plus,
          nicolae_shop_rolling_square, nicolae_shop_statue_plus,
          nicolae_shop_bloodbath_and_beyond, nicolae_orc_crystal_seam,
          nicolae_orc_bridge_out, uniq_jorgrun

Skill      XL: |  1  2  3  4  5  6  7  8  9 10 11 12 13 14 15 16 17 18 |
---------------+-------------------------------------------------------+-----
Dodging        | 2 3 4 6 7 |  7.0
Fighting       | 1 2 3 4 5 6 7 8 9 11 12 13 | 13.0
Stealth        | 3 4 |  4.0
Armour         | 1 2 3 4 5 6 7 8 9 10 12 | 12.9
Conjurations   | 4 5 6 |  6.0
Spellcasting   | 3 4 6 7 8 9 10 12 13 | 13.6
Necromancy     | 2 4 6 8 9 10 11 12 14 15 | 15.0
Shields        | 6 9 11 12 13 15 | 15.9
Ranged Weapons | 1 4 5 |  5.0
Earth Magic    | 11 15 | 15.6

Action                     |  1- 3 |  4- 6 |  7- 9 | 10-12 | 13-15 | 16-18 | 19-21 || total
---------------------------+-------+-------+-------+-------+-------+-------+-------++-------
  Melee: Whip              |     2 |       |       |       |       |       |       ||     2
         Dagger            |     1 |       |     8 |   162 |       |       |       ||   171
         Spear             |     7 |       |       |       |       |       |       ||     7
         Short sword       |    35 |    92 |    92 |       |       |       |       ||   219
         Punch             |       |       |     2 |       |       |       |       ||     2
         Trident           |       |       |       |    20 |       |       |       ||    20
         Rapier            |       |       |       |    27 |       |       |       ||    27
         Unarmed           |       |       |       |       |     1 |       |       ||     1
   Fire: Arbalest          |       |       |       |   210 |   785 |   723 |     9 ||  1727
   Cast: Magic Dart        |    23 |    41 |    49 |     4 |       |     1 |       ||   118
         Searing Ray       |     5 |    15 |    33 |    51 |    19 |     5 |       ||   128
         Vampiric Draining |       |       |    15 |   113 |    86 |   133 |       ||   347
         Sublimation of Bl |       |       |     4 |    30 |    15 |     8 |       ||    57
         Dispel Undead     |       |       |     2 |    21 |    18 |    37 |       ||    78
         Borgnjor's Vile C |       |       |       |       |       |   158 |     3 ||   161
 Invoke: Potion Petition   |       |       |       |       |       |     1 |       ||     1
Ability: Dig               |       |       |       |     5 |    16 |     3 |     1 ||    25
  Evoke: Wand              |       |       |       |     4 |       |       |       ||     4
    Use: Scroll            |       |       |       |    16 |     7 |     3 |       ||    26
         Potion            |       |       |       |     5 |     2 |       |       ||     7
   Stab: Sleeping          |     5 |     2 |     1 |     1 |       |       |       ||     9
         Distracted        |       |       |     1 |       |       |       |       ||     1
 Armour: Robe              |    20 |    79 |   111 |   187 |       |       |       ||   397
         Scale mail        |       |       |       |   296 |  1175 |  1173 |    19 ||  2663
         Skin              |       |       |       |    15 |     2 |       |       ||    17
  Dodge: Dodged            |    29 |    85 |   111 |   261 |   594 |   453 |     1 ||  1534
  Block: Kite shield       |       |       |       |   294 |   904 |   909 |     5 ||  2112
         Reflection        |       |       |       |       |       |    42 |       ||    42
